 Dungeon Crawl Stone Soup version 0.29-a0-284-gf9362112df (webtiles) character file.

Game seed: 13325653839041634171

88 being54 the Cudgeller (level 4, -4/28 HPs)
             Began as a Gargoyle Fighter on Mar 21, 2022.
             Slain by a gnoll
             ... wielding a +0 spear
              (7 damage)
             ... on level 2 of the Dungeon.
             The game lasted 00:03:05 (2395 turns).

being54 the Cudgeller (Gargoyle Fighter)            Turns: 2395, Time: 00:03:06

Health: -4/28      AC: 10    Str: 21    XL:     4   Next: 53%
Magic:  4/4        EV:  9    Int:  9    God:
Gold:   68         SH:  4    Dex:  9    Spells: 3/3 levels left

rFire   . . .      SeeInvis .   a - +1 flail
rCold   . . .      Faith    .   c - +0 buckler
rNeg    + . .      Spirit   .   b - +0 scale mail
rPois   ∞          Reflect  .   (no helmet)
rElec   +          Harm     .   (no cloak)
rCorr   .          Rampage  .   (no gloves)
Will    .....                   (no boots)
Stlth   ..........              (no amulet)
HPRegen 0.09/turn               (no ring)
MPRegen 0.09/turn               (no ring)

@: no status effects
A: sickness immunity, AC +3, negative energy resistance 1, electricity
resistance, torment resistance 1, petrification resistance
a: no special abilities


You were on level 2 of the Dungeon.
You visited 1 branch of the dungeon, and saw 2 of its levels.

You collected 68 gold pieces.

Inventory:

Hand Weapons
 a - a +1 flail (weapon)
Armour
 b - a +0 scale mail (worn)
 c - a +0 buckler (worn)
Jewellery
 k - a +4 ring of evasion
Potions
 d - a potion of might
 e - a potion of attraction {unknown}
 f - a potion of heal wounds
 g - a potion of magic {unknown}
 h - 4 potions of curing
 i - a potion of flight {unknown}


   Skills:
 - Level 3.3 Fighting
 + Level 4.4 Maces & Flails
 - Level 3.3 Armour
 - Level 3.3 Shields


You had 3 spell levels left.
You didn't know any spells.
Your spell library contained the following spells:

 Spells                   Type           Power      Damage    Failure   Level
 Scorch                   Fire           0%         2d5       91%         2
 Flame Wave               Conj/Fire      0%         2d4       100%        4
 Hailstorm                Conj/Ice       0%         3d3       100%        4
 Ice Form                 Ice/Tmut       0%         N/A       100%        4
 Simulacrum               Ice/Necr       0%         N/A       100%        6
 Summon Cactus Giant      Summ           0%         N/A       100%        6


Dungeon Overview and Level Annotations

Branches:
Dungeon (2/15)

Altars:

Shops:
D:2 [


Innate Abilities, Weirdness & Mutations

You are immune to sickness and miasma.
Your stone body is resilient. (AC +3)
You are immune to poison.
You resist negative energy. (rN+)
You are resistant to electric shocks. (rElec)
You are resistant to unholy torment.
You are immune to petrification.


Message History

The gnoll barely misses you.
You hit the gnoll.
The gnoll is moderately wounded.
The gnoll hits you but does no damage. The gnoll barely misses you.
You hit the gnoll.
The gnoll is heavily wounded.
The gnoll hits you but does no damage.
You thump the gnoll!
You kill the gnoll!
You barely miss the frilled lizard. The frilled lizard bites you.
The gnoll barely misses you.
The gnoll hits you from afar with a +0 spear.
The frilled lizard bites you but does no damage.
You thump the frilled lizard!
You kill the frilled lizard!
The gnoll barely misses you. The gnoll hits you with a +0 spear.
Things that are here:
a +0 club; a gnoll corpse You closely miss the gnoll.
The gnoll hits you with a +0 spear.
You are too injured to fight recklessly!
You are too injured to fight recklessly!
You hit the gnoll.
The gnoll is moderately wounded.
The gnoll hits you but does no damage.
You closely miss the gnoll.
The gnoll is moderately wounded.
You block the gnoll's attack. The gnoll hits you with a +0 spear.
* * * LOW HITPOINT WARNING * * *
You closely miss the gnoll.
The gnoll is moderately wounded.
The gnoll hits you but does no damage.
You barely miss the gnoll.
The gnoll is moderately wounded.
The gnoll hits you with a +0 spear.
* * * LOW HITPOINT WARNING * * *
You hit the gnoll.
The gnoll is severely wounded.
The gnoll hits you with a +0 spear!
You die...

#..(...###.....♣..♣#..#
#....####..≈≈≈≈≈.≈≈...#
#....# #...≈≈P≈≈.≈≈♣.#
##...# #P.≈≈≈≈≈≈≈≈≈..##
#...# #.≈≈≈≈≈≈≈≈.≈...# #
#...≈≈P≈.≈≈P...# ...
##♣≈≈.≈≈≈.P.....
.....#####..PP.....####.
....ggg@...####..### #†
....######.# ##.## #. .
#.# #..# #. #.###.## ##
#.....# # #.....# #
#.....# # #.....# #
#.....# ##


You could see 3 gnolls.

Vanquished Creatures
  A gnoll (D:2)
  3 adders (D:2)
  3 ball pythons
  4 endoplasms
  3 giant cockroaches
  8 hobgoblins (D:2)
  4 jackals (D:1)
  2 quokkas
  6 bats
  4 frilled lizards (D:2)
  4 goblins
  2 kobolds (D:1)
  3 rats
47 creatures vanquished.

Vanquished Creatures (others)
  A plant (D:2)
1 creature vanquished.

Grand Total: 48 creatures vanquished

Notes
Turn   | Place    | Note
-------+----------+-------------------------------------------
     0 | D:1      | being54 the Gargoyle Fighter began the quest for the Orb.
     0 | D:1      | Reached XP level 1. HP: 14/14 MP: 1/1
    27 | D:1      | Found a faded altar of an unknown god.
   538 | D:1      | Reached XP level 2. HP: 17/19 MP: 2/2
  1116 | D:1      | Reached skill level 3 in Maces & Flails
  1527 | D:2      | Reached XP level 3. HP: 23/23 MP: 3/3
  2070 | D:2      | Reached skill level 4 in Maces & Flails
  2106 | D:2      | Reached XP level 4. HP: 28/28 MP: 4/4
  2285 | D:2      | Found Verotres's Armour Shoppe.
  2395 | D:2      | Slain by a gnoll

Illustrated notes

Levels and vault maps discovered:
D:1:      ncdulo_smallfort, layout_basic, ebering_ecumenical_altar_hall,
          amcnicky_mini_rare_corridor_liquid
D:2:      layout_basic, serial_shops, shop, serial_bayou_pond_b,
          minmay_hexomino_p4

Skill      XL: |  1  2  3 |
---------------+----------+-----
Maces & Flails | 3 4 |  4.4
Fighting       | |  3.3
Armour         | |  3.3
Shields        | |  3.3

Action                   |  1- 3 |  4- 6 || total
-------------------------+-------+-------++-------
Melee: Flail             |   119 |    39 ||   158
  Use: Scroll            |     6 |     1 ||     7
Armor: Scale mail        |    81 |    19 ||   100
Dodge: Dodged            |   102 |    17 ||   119
Block: Buckler           |    50 |     6 ||    56

Table legend: (Time is in decaauts)
 A = Elapsed time spent in this place.
 B = Non-inter-level travel time spent in this place.
 C = Inter-level travel time spent in this place.
 D = Time resting spent in this place.
 E = Time spent auto-exploring this place.
 F = Levels seen in this place.
 G = Mean time per level.
                   A        B        C        D        E       F      G
               +--------+--------+--------+--------+--------+-----+--------+
         Total |   2443 |   2419 |     24 |    400 |   1695 |   2 | 1221.5 |
       Dungeon |   2443 |   2419 |     24 |    400 |   1695 |   2 | 1221.5 |
               +--------+--------+--------+--------+--------+-----+--------+

Top non-repeatable levels by time:
     D:1: 1450 daAuts
     D:2: 993 daAuts
